 Dungeon Crawl Stone Soup version 0.31.0-12-g77e489cdc1 (webtiles) character file.

Game seed: 1005853429599658353

115 spaghetti the Skirmisher (level 4, -2/36 HPs)
             Began as a Demigod Hunter on Mar 8, 2024.
             Frozen to death by an endoplasm (3 damage)
             ... on level 3 of the Dungeon.
             The game lasted 00:02:24 (2008 turns).

spaghetti the Skirmisher (Demigod Hunter)           Turns: 2008, Time: 00:02:24

Health: -2/36      AC:  3    Str: 12    XL:     4   Next: 41%
Magic:  6/6        EV: 12    Int: 11    God:
Gold:   174        SH:  0    Dex: 21    Spells: 3/3 levels left

rFire   + . .        j - +7 short sword of Light {elec, rF+ rN+ SInv Stlth-}
rCold   . . .        (no shield)
rNeg    + . .        c - +0 leather armour
rPois   .            (no helmet)
rElec   .            (no cloak)
rCorr   .            (no gloves)
SInv    +            (no boots)
Will    .....        (no amulet)
Stlth   +            (no ring)
HPRegen 0.26/turn    (no ring)
MPRegen 0.10/turn

%: no passive effects
@: lethally poisoned (-2 -> -5)
A: high MP 1, forlorn, divine attributes
a: no special abilities


You were on level 3 of the Dungeon.
You visited 1 branch of the dungeon, and saw 4 of its levels.

You collected 174 gold pieces.

Inventory:

Hand Weapons
 a - a +0 shortbow
 d - a +2 short sword of venom
 j - the +7 short sword of Light (weapon) {elec, rF+ rN+ SInv Stlth-}
   (You found it on level 2 of the Dungeon)

   rF+:       It protects you from fire.
   rN+:       It protects you from negative energy.
   SInv:      It lets you see invisible.
   Stlth-:    It makes you less stealthy.
Armour
 c - a +0 leather armour (worn)
Jewellery
 l - a ring of resist corrosion
Scrolls
 e - a scroll of fear {unknown}
 i - a scroll of amnesia {unknown}
 k - a scroll of poison
 m - a scroll of identify
Potions
 f - a potion of lignification
 h - a potion of attraction


   Skills:
 - Level 1.7 Fighting
 + Level 10.8 Ranged Weapons
 - Level 1.7 Dodging
 - Level 0.8 Stealth


You had 3 spell levels left.
You didn't know any spells.
Your spell library was empty.

Dungeon Overview and Level Annotations

Branches:
Dungeon (4/15)
 Temple: D:4-7

Shops:
D:1 *

Annotations:
D:3 2 runed translucent doors, Ijyb


Innate Abilities, Weirdness & Mutations

You have an increased reservoir of magic. (+10% MP)
You shall have no god before yourself.
Your divine heritage dramatically boosts your attributes as you level up.


Message History

The endoplasm freezes you.
You are frozen.
Unknown command.
You completely miss the scorpion.
The scorpion is lightly wounded.
You feel very sick. The scorpion misses you. The endoplasm closely misses you.
The scorpion stings you.
* * * LOW HITPOINT WARNING * * *
Unknown command.
It was a potion of experience.
You feel more experienced!
Your Ranged Weapons skill gained 6 levels and is now at level 10!
You have reached level 4!
You feel sick.
The endoplasm hits you but does no damage.
The scorpion stings you but does no damage.
As you read the scroll of butterflies, it crumbles to dust.
You hear the flapping of tiny wings.
The endoplasm is knocked back by the sudden gust.
The scorpion is knocked back by the sudden gust.
You feel sick.
The scorpion completely misses your butterfly.
Unknown command.
Unknown command.
Unknown command.
Unknown command.
You swap places.
You feel sick. The endoplasm freezes you.
You are frozen.
* * * LOW HITPOINT WARNING * * *
The scorpion completely misses your butterfly.
Unknown command.
Unknown command.
You swap places.
* * * LOW HITPOINT WARNING * * *
You feel sick. The endoplasm freezes you.
You are frozen.
You die...

##.# #.## #......
#######..## ..._..
##.. ...<..##..# .....
..# ...)..###.# #K..
### ... ......# #.#
#KK###s. ..#.
......###.######++#bb#
....>.........bbbJ#b#
......###.#..b.b@bbb#
......# #.#.#########
......# #.#.#
.########...# ##
###.....# #...<.###
#.#.#.## #......#
#..#...#


You could see an endoplasm (ally target) and 3 kobolds.

Vanquished Creatures
  2 dart slugs
  A ribbon worm (D:2)
  4 ball pythons
  5 endoplasms
  3 giant cockroaches
  5 goblins
  2 hobgoblins (D:2)
  3 jackals (D:3)
  2 quokkas
  3 bats
  4 frilled lizards
  6 kobolds
  5 rats
45 creatures vanquished.

Notes
Turn   | Place    | Note
-------+----------+-------------------------------------------
     0 | D:1      | spaghetti the Demigod Hunter began the quest for the Orb.
     0 | D:1      | Reached XP level 1. HP: 17/17 MP: 3/3
   190 | D:1      | Reached skill level 4 in Ranged Weapons
   303 | D:1      | Reached XP level 2. HP: 24/24 MP: 4/4
   685 | D:1      | Found Vivvi's Assorted Antiques.
   921 | D:2      | Identified the +7 short sword of Light {elec, rF+ rN+ SInv
                  | Stlth-}
   982 | D:2      | Reached XP level 3. HP: 29/29 MP: 5/5
  1624 | D:3      | Found a large runed translucent door.
  1652 | D:3      | Found a large runed translucent door.
  1855 | D:3      | Noticed Ijyb
  1894 | D:4      | Noticed a scorpion
  1916 | D:4      | Noticed a phantom
  2005 | D:3      | Reached skill level 10 in Ranged Weapons
  2005 | D:3      | Reached XP level 4. HP: 11/36 MP: 6/6
  2007 | D:3      | HP: 1/36 [frozen (5)]
  2008 | D:3      | Frozen to death by an endoplasm

Illustrated notes

Levels and vault maps discovered:
D:1:      spicycebolla_arrival_ecumenical, layout_loops_ring, serial_shops, shop
D:2:      layout_basic
D:3:      due_chaos_kobolds, layout_rooms, uniq_ijyb
D:4:      layout_loops_ring, zin_academy, nzn_hepliaklqana_mist_gate,
          mainiacjoe_overflow_tiny_flanked

Skill      XL: |  1  2  3 |
---------------+----------+-----
Ranged Weapons | 4 10 | 10.8
Fighting       | |  1.7
Dodging        | |  1.7
Stealth        | |  0.8

Action                     |  1- 3 |  4- 6 || total
---------------------------+-------+-------++-------
  Melee: Unarmed           |     5 |       ||     5
         Short sword       |     3 |       ||     3
   Fire: Shortbow          |   145 |       ||   145
    Use: Potion            |     4 |       ||     4
         Scroll            |     3 |     1 ||     4
 Armour: Leather armour    |    63 |     2 ||    65
         Skin              |     2 |       ||     2
  Dodge: Dodged            |    75 |       ||    75
